 Dungeon Crawl Stone Soup version 0.28.0-43-g3370ac3207 (webtiles) character file.

Game seed: 8011497440047323887

1508 nickcage the Cleaver (level 8, 0/64 HPs)
             Began as a Minotaur Fighter on Mar 28, 2022.
             Slain by a gnoll
             ... wielding a +1 halberd of chaos
              (6 damage)
             ... on level 3 of the Dungeon.
             The game lasted 00:13:05 (3170 turns).

nickcage the Cleaver (Minotaur Fighter)             Turns: 3170, Time: 00:13:05

Health: 0/64       AC:  8    Str: 27    XL:     8   Next: 53%
Magic:  7/7        EV:  8    Int:  5    God:
Gold:   244        SH:  8    Dex: 11    Spells: 7/7 levels left

rFire   . . .      SeeInvis .   q - +8 war axe of Doom {flame, Will- Str+5}
rCold   . . .      Faith    .   k - +0 kite shield
rNeg    . . .      Spirit   .   b - +0 scale mail
rPois   .          Reflect  .   (helmet restricted)
rElec   .          Harm     .   n - scarf {shadows}
rCorr   .          Rampage  .   h - +0 pair of gloves
Will    .....                   (no boots)
Stlth   ..........              g - amulet of regeneration
HPRegen 1.00/turn               (no ring)
MPRegen 0.10/turn               (no ring)

@: mighty
A: horns 2, retaliatory headbutt
a: no special abilities


You were on level 3 of the Dungeon.
You visited 1 branch of the dungeon, and saw 6 of its levels.

You collected 244 gold pieces.

Inventory:

Hand Weapons
 a - a +0 war axe
 q - the +8 war axe of Doom (weapon) {flame, Will- Str+5}
   (You found it on level 3 of the Dungeon)

   It burns those it strikes, dealing additional fire damage.
   Big, fiery blades are also staple armaments of hydra-hunters.
   Str:       It affects your strength (+5).
   Will:      It decreases your willpower.
Missiles
 o - 7 poisoned darts (quivered)
Armour
 b - a +0 scale mail (worn)
 c - a +0 buckler
 h - a +0 pair of gloves (worn)
 k - a +0 kite shield (worn)
 n - a scarf of shadows (worn)
 v - a +0 pair of gloves
Jewellery
 g - an amulet of regeneration (around neck)
Wands
 w - a wand of flame (23)
Scrolls
 e - 3 scrolls of identify
 f - 3 scrolls of teleportation
 l - a scroll of torment {unknown}
 s - a scroll of enchant weapon {unknown}
 t - a scroll of fear {unknown}
 u - a scroll of blinking {unknown}
Potions
 i - 2 potions of mutation {unknown}
 j - a potion of ambrosia {unknown}
 m - 4 potions of curing
 p - a potion of cancellation {unknown}
 r - a potion of resistance {unknown}
 x - a potion of lignification {unknown}


   Skills:
 - Level 3.6 Fighting
 + Level 12.5 Axes
 + Level 2.0 Throwing
 - Level 3.6 Armour
 - Level 3.6 Shields


You had 7 spell levels left.
You didn't know any spells.
Your spell library contained the following spells:

 Spells                   Type           Power      Damage    Failure   Level
 Beastly Appendage        Tmut           0%         N/A       98%         1
 Corpse Rot               Necr/Air       0%         N/A       99%         2
 Poisonous Vapours        Pois/Air       0%         N/A       99%         2
 Wereblood                Tmut           0%         N/A       99%         2
 Dazzling Flash           Conj/Hex       0%         N/A       100%        3
 Spider Form              Tmut/Pois      0%         N/A       100%        3
 Iskenderun's Mystic Bla  Conj/Tloc      0%         2d3       100%        4
 Starburst                Conj/Fire      0%         6d3       100%        6


Dungeon Overview and Level Annotations

Branches:
Dungeon (6/15)
 Temple: D:4-7

Altars:
Kikubaaqudgha
Okawaru
Trog
Yredelemnul

Shops:
D:3 [([   D:4 (   D:5 [

Annotations:
D:3 1 transporter
D:5 1 transporter, porpoise's ghost, novice DjFE
D:6 Maggie


Innate Abilities, Weirdness & Mutations

You have a pair of horns on your head.
You reflexively headbutt those who attack you in melee.


Message History

You closely miss the gnoll.
You feel very sick.
The gnoll hits you from afar with a +1 halberd of chaos.
The gnoll hits you from afar with the +2 halberd of the Hall of Blades {venom, Int+3 Dex+4}.
You are more poisoned.
Tizbic2's ghost hits you.
The gnoll zaps a wand.
Your will is overpowered!
You are more confused.
The gnoll completely misses you.
You slice tizbic2's ghost!! You burn tizbic2's ghost.
You destroy tizbic2's ghost!
You hit the gnoll. You burn the gnoll. You slash the gnoll! You burn the gnoll.
You kill the gnoll!
* * * LOW HITPOINT WARNING * * *
You feel extremely sick.
The gnoll hits you from afar with a +1 halberd of chaos.
* * * LOW HITPOINT WARNING * * *
You are more poisoned.
The gnoll hits you but does no damage.
The gnoll zaps a wand.
Your will is overpowered!
You are more confused.
The gnoll hits you from afar with a +0 spear.
* * * LOW HITPOINT WARNING * * *
The gnoll shaman hits you with a +0 whip.
* * * LOW HITPOINT WARNING * * *
Your Axes skill increases to level 12!
Your Throwing skill increases to level 2!
You feel better.
The gnoll hits you from afar with a +1 halberd of chaos.
* * * LOW HITPOINT WARNING * * *
The gnoll freezes you.
* * * LOW HITPOINT WARNING * * *
You block the gnoll's attack. The gnoll barely misses you.
You furiously retaliate!
You headbutt the gnoll!
You kill the gnoll!
You block the gnoll's attack.
The gnoll shaman hits you with a +0 whip.
* * * LOW HITPOINT WARNING * * *
You slash the gnoll shaman! You burn the gnoll shaman.
You kill the gnoll shaman!
The gnoll hits you from afar with a +1 halberd of chaos.
You die...

...(.....≈≈##.###.###.##≈≈.#.#.#
###.####.≈≈#Wg.........#≈≈.#...#
# #.# #.≈≈###g##'##.###≈≈...###
###.# #.≈≈..#g ..g#.#..≈≈.#.#
....# #.≈≈.##. ..g#.##.≈≈.#.#
...## #.≈≈.#.g :.#.©#.≈≈.#.# ##.#
##.≈≈.##.#####.##.≈≈.#.#
##.####..≈≈..#.#8⌠8#.#.....#.# ##
.........≈≈.©#.)@©g'.#©....#.# #.
##.####..≈≈..#g#.).#.#.....#.###'
##.# ##.≈≈.##.##g##.##.≈≈.....'∩
##.# #.≈≈.#.. .g.#.g#.≈≈..####+
#.# #.≈≈.##g .g.'.##.≈≈.## #. #.#
#.≈≈..#.#...#.#..≈≈.# #. ##.#
#.≈≈###.##'##.###≈≈.# ## ...#
#.≈≈#... .g. ...#≈≈.#
########.≈≈##.###g###.##≈≈.#


You could see 5 gnolls.

Vanquished Creatures
  The ghost of tizbic2 the Skirmisher, an amateur HOAr of Okawaru (D:3)
  A troll (D:6)
  Eustachio (D:4)
  2 water moccasins (D:5)
  A sky beast (D:5)
  A phantom (D:5)
  A bullfrog (D:5)
  A water moccasin zombie (D:5)
  A bullfrog zombie (D:5)
  A jelly (D:6)
  2 bullfrog skeletons (D:5)
  A gnoll shaman (D:3)
  3 iguanas
  2 orc wizards
  5 gnolls
  5 adders
  An ufetubus (D:5)
  An adder skeleton (D:4)
  3 worms
  2 dart slugs
  14 orcs
  3 ball pythons
  2 endoplasms (D:2)
  7 giant cockroaches
  12 goblins
  6 hobgoblins
  3 quokkas
  4 bats
  A frilled lizard (D:2)
  6 kobolds
  4 rats
98 creatures vanquished.

Vanquished Creatures (others)
  6 plants (D:3)
6 creatures vanquished.

Grand Total: 104 creatures vanquished

Notes
Turn   | Place    | Note
-------+----------+-------------------------------------------
     0 | D:1      | nickcage the Minotaur Fighter began the quest for the Orb.
     0 | D:1      | Reached XP level 1. HP: 19/19 MP: 0/0
    70 | D:1      | Reached skill level 3 in Axes
   100 | D:1      | Reached XP level 2. HP: 26/26 MP: 1/1
   299 | D:1      | Reached skill level 4 in Axes
   339 | D:1      | Reached XP level 3. HP: 31/31 MP: 2/2
   714 | D:2      | Reached skill level 5 in Axes
   829 | D:2      | Reached XP level 4. HP: 35/39 MP: 3/3
   938 | D:3      | Identified the +2 halberd of the Hall of Blades {venom,
                  | Int+3 Dex+4}
   950 | D:3      | Found Buyxud's Weapon Shoppe.
  1028 | D:3      | Found a transporter.
  1028 | D:3      | Found a transporter.
  1089 | D:3      | Identified the +8 war axe of Doom {flame, Will- Str+5}
  1276 | D:3      | Noticed tizbic2's ghost (amateur HOAr)
  1372 | D:3      | Found Kuol's Antique Armour Emporium.
  1492 | D:3      | Found Litanioti's Armour Emporium.
  1624 | D:4      | Found an ancient bone altar of Kikubaaqudgha.
  1674 | D:4      | Reached skill level 6 in Axes
  1688 | D:4      | Reached XP level 5. HP: 45/45 MP: 4/4
  1743 | D:4      | Noticed Eustachio
  1751 | D:4      | Killed Eustachio
  1752 | D:4      | Reached skill level 8 in Axes
  1752 | D:4      | Reached XP level 6. HP: 51/51 MP: 5/5
  1943 | D:4      | Found Wivow's Weapon Shoppe.
  1971 | D:4      | Found an iron altar of Okawaru.
  2186 | D:5      | Entered Level 5 of the Dungeon
  2242 | D:5      | Found a bloodstained altar of Trog.
  2283 | D:5      | Noticed a water moccasin
  2288 | D:5      | Killed a water moccasin
  2289 | D:5      | Reached skill level 9 in Axes
  2289 | D:5      | Reached XP level 7. HP: 55/57 MP: 6/6
  2292 | D:5      | Found Ureoqed's Antique Armour Boutique.
  2344 | D:5      | Reached skill level 1 in Throwing
  2349 | D:5      | Found a basalt altar of Yredelemnul.
  2397 | D:5      | Reached skill level 10 in Axes
  2453 | D:5      | Found a transporter.
  2455 | D:5      | Noticed porpoise's ghost (novice DjFE)
  2521 | D:5      | Reached skill level 11 in Axes
  2629 | D:5      | Reached XP level 8. HP: 59/64 MP: 7/7
  2982 | D:6      | Noticed a troll
  2992 | D:6      | Killed a troll
  3024 | D:6      | Noticed Maggie
  3168 | D:3      | Killed tizbic2's ghost
  3169 | D:3      | Reached skill level 12 in Axes
  3170 | D:3      | Slain by a gnoll

Illustrated notes

Levels and vault maps discovered:
D:1:      heliophobic_arrival_enchanted_forest, layout_rooms,
          chequers_serial_rivers_micro_e
D:2:      layout_basic, minmay_misc_feat_hallway
D:3:      layout_loops_ring, gammafunk_ghost_gnarly_gnolls, serial_shops, shop,
          nicolae_lakefront_shop, nicolae_shop_behind_doors
D:4:      layout_loops_ring, mainiacjoe_overflow_catwalk_spiral, serial_shops,
          shop, uniq_eustachio
D:5:      layout_gridville, lemuel_doored_altar,
          mainiacjoe_overflow_six_doors_small, gammafunk_ghost_smash,
          serial_shops, nicolae_inconvenience_store
D:6:      layout_rooms, uniq_maggie, uniq_prince_ribbit1

Skill      XL: |  1  2  3  4  5  6  7  8 |
---------------+-------------------------+-----
Axes           | 3 4 5 6 8 9 11 12 | 12.5
Throwing       | 1 2 |  2.0
Fighting       | |  3.6
Armour         | |  3.6
Shields        | |  3.6

Action                   |  1- 3 |  4- 6 |  7- 9 || total
-------------------------+-------+-------+-------++-------
Melee: War axe           |    72 |    56 |    40 ||   168
       Headbutt          |    13 |     2 |     7 ||    22
Throw: Dart              |       |     6 |     4 ||    10
  Use: Scroll            |       |     3 |       ||     3
       Potion            |       |       |     2 ||     2
Armor: Scale mail        |    34 |    14 |    17 ||    65
Dodge: Dodged            |    24 |    13 |    13 ||    50
Block: Buckler           |    15 |       |       ||    15
       Kite shield       |     4 |    15 |    16 ||    35
